 Dungeon Crawl Stone Soup version 0.21-a0-344-g2144152 (webtiles) character file.

0 paralogiki the Magician (level 1, 0/13 HPs)
             Began as a Gnoll Wanderer on Oct 4, 2017.
             Slain by a goblin (2 damage)
             ... on level 1 of the Dungeon.
             The game lasted 00:00:18 (26 turns).

paralogiki the Magician (Gnoll Wanderer)              Turns: 26, Time: 00:00:18

Health: 0/13       AC:  2    Str: 13    XL:     1   Next: 10%
Magic:  8/8        EV:  8    Int: 17    God:
Gold:   0          SH:  8    Dex: 12    Spells: 14/14 levels left

rFire    . . .     SeeInvis .   e - +0 club
rCold    . . .     Gourm    .   a - +0 shield
rNeg     . . .     Faith    .   d - +0 robe
rPois    .         Spirit   .   (no helmet)
rElec    .         Reflect  .   (no cloak)
rCorr    .         Harm     .   (no gloves)
MR       .....                  (no boots)
Stlth    +.........             (no amulet)
HPRegen  0.04/turn              (no ring)
MPRegen  0.11/turn              (no ring)

@: no status effects
A: distributed training, fangs 1, strong nose
a: no special abilities


You were on level 1 of the Dungeon.
You were not hungry.

You visited 1 branch of the dungeon, and saw 1 of its levels.

Inventory:

Hand Weapons
 e - a +0 club (weapon)
Armour
 a - a +0 shield (worn)
 d - a +0 robe (worn)
Books
 b - the Guide on Enchantment

   Spells                             Type                      Level
   a - Confusing Touch                Hexes                        1
   b - Summon Guardian Golem          Hexes/Summoning              3
 c - the Disquisition on the Entourage

   Spells                             Type                      Level
   a - Summon Small Mammal            Summoning                    1
   b - Recall                         Summoning/Translocation      3
Comestibles
 f - a bread ration {@e1}


   Skills:
 + Level 0.0 Fighting
 + Level 0.0 Short Blades
 + Level 0.0 Long Blades
 + Level 0.0 Axes
 + Level 0.0 Maces & Flails
 + Level 0.0 Polearms
 + Level 0.0 Staves
 + Level 0.0 Slings
 + Level 0.0 Bows
 + Level 0.0 Crossbows
 + Level 2.3 Throwing
 + Level 0.0 Armour
 + Level 0.0 Dodging
 + Level 0.0 Stealth
 + Level 2.3 Shields
 + Level 0.0 Unarmed Combat
 + Level 7.0 Spellcasting
 + Level 0.0 Conjurations
 + Level 0.0 Hexes
 + Level 6.4 Charms
 + Level 2.3 Summonings
 + Level 0.0 Necromancy
 + Level 0.0 Translocations
 + Level 0.0 Transmutations
 + Level 0.0 Fire Magic
 + Level 0.0 Ice Magic
 + Level 0.0 Air Magic
 + Level 2.3 Earth Magic
 + Level 0.0 Poison Magic
 + Level 0.0 Invocations
 + Level 0.0 Evocations


You had 14 spell levels left.
You didn't know any spells.

Dungeon Overview and Level Annotations

Branches:
Dungeon (1/15)

Altars:


Innate Abilities, Weirdness & Mutations

Your experience applies equally to all skills.
You have very sharp teeth.
Your uncanny sense of smell can sniff out nearby items.


Message History

Welcome, paralogiki the Gnoll Wanderer.
The bosom of this dungeon contains the fabled artefact, the Orb of Zot.
Found a staircase leading out of the dungeon.
Okay, then.
You open the door.
There is an open door here.
A rat comes into view.
A rat is nearby!
A rat is nearby!
A goblin comes into view.
The rat closely misses you.
You closely miss the rat. You block the rat's attack.
You barely miss the goblin. Your bite misses the goblin.
The rat bites you but does no damage. The goblin hits you.
You take 4 damage, and have 9/13 hp.
MASSIVE DAMAGE!!
You closely miss the goblin.
The rat twitches its whiskers.
The rat bites you but does no damage. The goblin barely misses you.
The rat bites you.
You take 2 damage, and have 7/13 hp.
You are too injured to fight recklessly!
You are too injured to fight recklessly!
You hit the rat.
You kill the rat!
You block the goblin's attack. The goblin hits you.
You take 3 damage, and have 4/13 hp.
MASSIVE DAMAGE!!
You closely miss the goblin. The goblin barely misses you.
You closely miss the goblin. The goblin hits you.
* * * LOW HITPOINT WARNING * * *
You take 1 damage, and have 3/13 hp.
You closely miss the goblin. The goblin hits you.
* * * LOW HITPOINT WARNING * * *
The goblin hits you.
You die...

#. .# #. #.# .#
#.##.. ..# #.##.#
..### #..... .....!
#.##.####...# #
#.......g.#.###
##.####.##...@.......
...........######.###
........####
##.####.###
#.....#..# ∆
######.#.# #.#...
#.##### #.#


You could see a goblin.

Vanquished Creatures
  A rat (D:1)
1 creature vanquished.

Notes
Turn   | Place    | Note
-------+----------+-------------------------------------------
     0 | D:1      | paralogiki the Gnoll Wanderer began the quest for the Orb.
     0 | D:1      | paralogiki set off with: a +0 shield, the Guide on Enchantment, the Disquisition on the Entourage, a +0 robe, a +0 club, a bread ration {@e1}
     0 | D:1      | Reached XP level 1. HP: 13/13 MP: 8/8
     0 | D:1      | Identified the Guide on Enchantment
     0 | D:1      | Identified the Disquisition on the Entourage
    25 | D:1      | HP: 3/13 [goblin (1)]
    26 | D:1      | Slain by a goblin

Vault maps used:
D:1:      dpeg_arrival_tiny_c

Action                   || total
-------------------------++-------
Melee: Club              ||     7
Armor: Robe              ||     2
Dodge: Dodged            ||     3
Block: Shield            ||     2

Table legend:
 A = Spawn XP
 B = Non-spawn XP
 C = Spawn XP percentage of total XP
 D = Spawn monster count
 E = Non-spawn monster count
 F = Spawn count percentage of total count
 G = Total turns spent on level
                    A         B        C        D         E        F      G
               +---------+---------+-------+---------+---------+-------+---------
         Total |       0 |       1 |   0.0 |       0 |       1 |   0.0 |    26
               +---------+---------+-------+---------+---------+-------+---------
           D:1 |       0 |       1 |   0.0 |       0 |       1 |   0.0 |    26
               +---------+---------+-------+---------+---------+-------+---------

Vault maps used:
D:1:      dpeg_arrival_tiny_c

Table legend:
 A = Turns spent in this place as a percentage of turns spent in the entire game.
 B = Non-inter-level travel turns spent in this place as a percentage of non-inter-level travel turns spent in the entire game.
 C = Inter-level travel turns spent in this place as a percentage of turns spent in this place.
 D = Turns resting spent in this place as a percentage of non-inter-level travel turns spent in this place.
 E = Turns spent auto-exploring this place as a percentage of non-inter-level travel turns spent in this place.
 F = Non-inter-level travel turns spent in this place divided by the number of levels of this place that you've seen.
                   A       B       C       D       E      F
               +-------+-------+-------+-------+-------+----------------------
         Total | 100.0 | 100.0 |   0.0 |   0.0 |  57.7 |  26.0
       Dungeon | 100.0 | 100.0 |   0.0 |   0.0 |  57.7 |  26.0
               +-------+-------+-------+-------+-------+----------------------

Table legend:
 A = Kills in this place as a percentage of kills in entire the game.
 B = Kills by you in this place as a percentage of kills by you in the entire game.
 C = Kills by friends in this place as a percentage of kills by friends in the entire game.
 D = Other kills in this place as a percentage of other kills in the entire game.
 E = Experience gained in this place as a percentage of experience gained in the entire game.
 F = Experience gained in this place divided by the number of levels of this place that you have seen.
                   A       B       C       D       E      F
               +-------+-------+-------+-------+-------+----------------------
         Total | 100.0 | 100.0 |   N/A |   N/A | 100.0 |   1.0
       Dungeon | 100.0 | 100.0 |   N/A |   N/A | 100.0 |   1.0
               +-------+-------+-------+-------+-------+----------------------
